 Dungeon Crawl Stone Soup version 0.20.0-15-g7f486f2 (console) character file.

193 bli the Conjurer (level 5, 0/38 HPs)
             Began as a Draconian Conjurer on June 14, 2017.
             Killed by nerve-wracking pain
             ... invoked by Menkaure
              (12 damage)
             ... on level 4 of the Dungeon.
             The game lasted 00:13:01 (3413 turns).

bli the Conjurer (Draconian Conjurer)               Turns: 3413, Time: 00:13:01

Health: 0/38       AC:  8    Str: 11    XL:     5   Next: 44%
Magic:  4/11       EV: 12    Int: 16    God:
Gold:   192        SH:  0    Dex: 11    Spells: 9/12 levels left

rFire    . . .     SeeInvis .   d - -1 dagger (curse)
rCold    . . .     Gourm    .   (no shield)
rNeg     . . .     Faith    .   (armour unavailable)
rPois    .         Spirit   .   (helmet restricted)
rElec    .         Reflect  .   (no cloak)
rCorr    .         Harm     .   (no gloves)
MR       +....                  l - +2 pair of boots
Stlth    ++........             (no amulet)
Regen    0.2/turn               v - ring of protection from magic
MPRegen  0.2/turn               t - ring of wizardry

@: no status effects
A: unfitting armour, cold-blooded, AC +5
a: no special abilities


You were on level 4 of the Dungeon.
You were hungry.

You visited 1 branch of the dungeon, and saw 4 of its levels.

You collected 192 gold pieces.

Inventory:

Hand Weapons
 d - a cursed -1 dagger (weapon)
 n - a +1 dagger of protection
 u - a +0 antimagic trident
Missiles
 e - 72 stones (quivered)
Armour
 l - a +2 pair of boots (worn)
Jewellery
 f - an uncursed ring of fire
 t - a ring of wizardry (right hand)
 v - a ring of protection from magic (left hand)
 w - a +3 amulet of reflection {unknown}
 y - an uncursed ring of see invisible {unknown}
Wands
 q - a wand of random effects (25/48)
 B - a wand of flame (8/48)
Scrolls
 c - 3 scrolls of teleportation {unknown}
 h - 2 scrolls of remove curse {unknown}
 i - a scroll of fog {unknown}
 m - a scroll of fear {unknown}
 o - a scroll of random uselessness {unknown}
 p - a scroll of immolation {unknown}
 x - 2 scrolls of identify {unknown}
 z - 2 scrolls of magic mapping {unknown}
 A - a scroll of blinking {unknown}
 C - a scroll of holy word {unknown}
 D - a scroll of recharging {unknown}
Potions
 j - a potion of brilliance {unknown}
 r - a potion of mutation {unknown}
 s - a potion of magic {unknown}
Books
 a - a book of Conjurations

   Spells                             Type                      Level
   a - Magic Dart                     Conjuration                  1
   b - Searing Ray                    Conjuration                  2
   c - Dazzling Spray                 Conjuration/Hexes            3
   d - Fulminant Prism                Conjuration/Hexes            4
   e - Force Lance                    Conjuration/Translocation    4
   f - Iskenderun's Mystic Blast      Conjuration                  4
Comestibles
 b - 3 bread rations
 g - 3 royal jellies
 k - 2 meat rations


   Skills:
 + Level 0.2 Fighting
 + Level 2.5 Dodging
 - Level 2.0 Stealth
 * Level 4.0 Spellcasting
 + Level 4.9 Conjurations


You had 9 spell levels left.
You knew the following spells:

 Your Spells              Type           Power        Failure   Level  Hunger
a - Magic Dart            Conj           ###.         1%          1    None
r - Searing Ray           Conj           ###...       1%          2    ##.....


Dungeon Overview and Level Annotations

Branches:
Dungeon (4/15)
 Temple: D:4-7

Altars:

Annotations:
D:4 Menkaure


Innate Abilities, Weirdness & Mutations

Your plain brown scales are hard. (AC +5)
You cannot fit into any form of body armour.
You are cold-blooded and may be slowed by cold attacks.


Message History

Aiming: Searing Ray
Press: ? - help, Shift-Dir - straight line, f/p - Menkaure
Aim: Menkaure (lightly damaged, fast)
The searing ray hits Menkaure.
Menkaure is moderately damaged. (Press . to maintain the ray.)
The searing ray hits Menkaure.
Menkaure is heavily damaged.
Menkaure hits you but does no damage.
The searing ray hits Menkaure.
Menkaure is severely damaged.
Menkaure hits you!
Menkaure calls on the powers of darkness!
Your body is wracked with pain!
The searing ray hits Menkaure.
Menkaure is almost destroyed.
You finish channeling your searing ray.
Menkaure gestures at you while chanting.
Pain shoots through your body!
You die...

#####...##...........#...
#.......##...........#..#
#######.##.###........#.##
#........#.###........#..####.
#............'........##......
#...........##........##......
###.......(.....................
#.............##########........
#....)........### #........
#.............'.# #........
#.............#@# #.....##.
#.......#####<#M########.....# .
######### #..........#.....#
#..........##..... #..........#
#.#+######## #.....# ###...#
#..... #...... #....M...


You could see Menkaure.

Vanquished Creatures
  A centaur skeleton (D:4)
  An orc priest (D:3)
  A howler monkey skeleton (D:3)
  3 adders
  2 shadow imps (D:3)
  An ooze (D:3)
  5 dart slugs
  3 leopard geckos
  6 bats
  5 giant cockroaches
  8 goblins
  7 hobgoblins
  A quokka (D:3)
  7 frilled lizards
  10 kobolds
  8 rats
69 creatures vanquished.

Notes
Turn   | Place    | Note
-------+----------+-------------------------------------------
     0 | D:1      | bli the Draconian Conjurer began the quest for the Orb.
     0 | D:1      | Reached XP level 1. HP: 14/14 MP: 3/3
   246 | D:1      | Reached XP level 2. HP: 11/20 MP: 0/5
  1089 | D:1      | Reached XP level 3. HP: 26/26 MP: 2/6
  1421 | D:2      | Learned a level 2 spell: Searing Ray
  1725 | D:2      | Reached XP level 4. HP: 33/33 MP: 1/8
  2394 | D:3      | Found a transporter.
  3213 | D:3      | Reached XP level 5. HP: 38/38 MP: 3/10
  3224 | D:3      | Found a transporter.
  3402 | D:4      | Noticed Menkaure
  3413 | D:4      | Killed from afar by Menkaure

Skill      XL: |  1  2  3  4  5 |
---------------+----------------+-----
Dodging        | 2 |  2.5
Stealth        | 2 |  2.0
Spellcasting   | 3 4 |  4.0
Fighting       | |  0.2
Conjurations   | |  4.9

Action                   |  1- 3 |  4- 6 || total
-------------------------+-------+-------++-------
Melee: Dagger            |    47 |    20 ||    67
       Unarmed           |     8 |       ||     8
       Tailslap          |     5 |     2 ||     7
 Cast: Magic Dart        |    83 |    68 ||   151
       Searing Ray       |       |     2 ||     2
 Stab: Sleeping          |     2 |       ||     2
  Eat: Chunk             |     3 |     5 ||     8
Armor: Skin              |    22 |     9 ||    31
Dodge: Dodged            |    37 |    12 ||    49
